 Dungeon Crawl Stone Soup version 0.30-a0-365-ge7f957f1db (webtiles) character file.

Game seed: 2599326796449664462

525 qeuew the Conjurer (level 7, -8/36 HPs)
             Began as a Deep Elf Conjurer on Nov 16, 2022.
             Was an Initiate of Gozag.
             Mangled by an ogre
             ... wielding a +0 giant club
              (29 damage)
             ... on level 5 of the Dungeon.
             The game lasted 00:05:05 (4484 turns).

qeuew the Conjurer (Deep Elf Conjurer)              Turns: 4484, Time: 00:05:06

Health: -8/36      AC:  6    Str:  6    XL:     7   Next: 2%
Magic:  7/16       EV: 10    Int: 23    God:    Gozag
Gold:   331        SH:  5    Dex: 13    Spells: 10/15 levels left

rFire   . . .      SeeInvis .    (no weapon)
rCold   . . .      Faith    .    (no shield)
rNeg    . . .      Spirit   .    k - +1 ring mail
rPois   .          Reflect  +    (no helmet)
rElec   .          Harm     .    (no cloak)
rCorr   .          Rampage  .    (no gloves)
Will    +....                    (no boots)
Stlth   ++........               h - amulet of reflection
HPRegen 0.26/turn                m - ring of willpower
MPRegen 0.15/turn                (no ring)

@: no status effects
A: no striking features
a: Renounce Religion, Potion Petition, Call Merchant, Bribe Branch


You were on level 5 of the Dungeon.
You worshipped Gozag.
Gozag was aware of your devotion.
You visited 1 branch of the dungeon, and saw 5 of its levels.

You collected 393 gold pieces.
You paid 62 gold pieces to Gozag.

Inventory:

Armour
 k - a +1 ring mail (worn)
Jewellery
 h - an amulet of reflection (around neck)
 m - a ring of willpower (left hand)
Wands
 l - a wand of flame (56)
 n - a wand of charming (10)
Scrolls
 a - 2 scrolls of teleportation
 d - a scroll of enchant weapon
 g - a scroll of butterflies
 i - a scroll of amnesia
 p - a scroll of magic mapping
Potions
 c - 2 potions of might
 f - a potion of brilliance


   Skills:
 * Level 3.2 Armour
 + Level 4.3 Dodging
 + Level 4.4 Stealth
 + Level 4.6 Spellcasting
 + Level 5.4 Conjurations
 + Level 1.6 Evocations


You had 10 spell levels left.
You knew the following spells:

 Your Spells              Type           Power      Damage    Failure   Level
a - Magic Dart            Conj           100%       1d8       4%          1
b - Searing Ray           Conj           60%        2d6       6%          2
c - Static Discharge      Conj/Air       34%        2-4/arc   19%         2

Your spell library contained the following spells:

 Spells                   Type           Power      Damage    Failure   Level
 Sandblast                Erth           10%        2d5       34%         1
 Dazzling Flash           Conj/Hex       34%        N/A       34%         3
 Stone Arrow              Conj/Erth      34%        3d9       34%         3
 Passwall                 Tmut/Erth      4%         N/A       47%         2
 Sublimation of Blood     Necr           5%         N/A       47%         2
 Wereblood                Tmut           5%         N/A       47%         2
 Gell's Gravitas          Tloc           5%         N/A       71%         3
 Lesser Beckoning         Tloc           10%        N/A       71%         3
 Teleport Other           Tloc           5%         N/A       71%         3
 Vhi's Electric Charge    Tloc/Air       10%        N/A       71%         3
 Fulminant Prism          Conj/Hex       8%         3d7       75%         4
 Iskenderun's Mystic Bla  Conj/Tloc      17%        2d5       75%         4
 Arcjolt                  Conj/Air       8%         1d18      97%         5
 Irradiate                Conj/Tmut      8%         3d14      97%         5
 Lightning Bolt           Conj/Air       8%         1d21      97%         5
 Petrify                  Tmut/Erth      5%         N/A       98%         4
 Summon Hydra             Summ           2%         N/A       100%        7


Dungeon Overview and Level Annotations

Branches:
Dungeon (5/15)
 Temple: D:4-7

Altars:
Gozag
Trog

Portals:
Sewer: D:5

Annotations:
D:5 1 transporter, baller8008's ghost, amateur OpTm


Message History

The iguana hisses angrily.
Baller8008's ghost screams, "I was like you once."
You don't have enough magic to cast this spell.
Unknown command.
Unknown command.
The white imp shouts, "Flounder, thou fragile flap-mouthed wagtail!"
The white imp puffs mist at you.
The orc is distracted by your dazzling golden aura.
The iguana is distracted by your dazzling golden aura.
Baller8008's ghost sneers, "Only the weak need weapons."
Your magical contamination has completely faded away.
An orc comes into view. It is wielding a +0 club.
Found 15 gold pieces.
The orc shouts!
The orc shouts!
You block the orc's attack. You block the orc's attack.
The orc attacks as you move away! The orc barely misses you.
The orc hits you with a +0 club. The orc attacks as you move away!
You block the orc's attack. The orc attacks as you move away!
You block the orc's attack. The orc attacks as you move away!
The orc closely misses you. The orc hits you but does no damage.
The orc attacks as you move away! The orc hits you but does no damage.
The orc attacks as you move away! The orc hits you but does no damage.
Found a book of the Hunter.
Found a ring mail.
Found a glowing drain.
An iguana comes into view.
The adder hisses angrily.
The iguana hisses angrily.
The adder hisses angrily. x3
You hear the rusting of a drain.
The orc hits you but does no damage. The orc attacks as you move away!
The orc hits you with a +0 club. The orc attacks as you move away!
You block the orc's attack.
Found a scroll of amnesia.
You block the orc's attack.
An ogre comes into view. It is wielding a +0 giant club.
The ogre shouts!
You hear an angry hiss.
The ogre hits you with a +0 giant club!!
Ouch! That really hurt!
You die...
Your body crumbles into a pile of gold.

**,******#.###.#
#..#######.#...#
#..........#.###
#..#######.#.#
#..#~~~~~#.#.#
*#?+~~SS~#l#.#
#.#~~BSS#...#
#.#######...#
#....@o.o...#
####:O###.#.# ##.#
#.#.# ******** #.#
#.#.#**,,,,,,,
*#.#*#.#..,,,,,,**,
*...,....[,,,**,**,
*..#*#.#*******,,,,
*..# #.#*******,**,
*,,* *,,,,,,,>,,**,


You could see an ogre, an iguana, 4 adders, 2 orcs and a giant cockroach.

Vanquished Creatures
  A water moccasin (D:5)
  A bullfrog (D:4)
  2 scorpions
  A hound (D:5)
  Natasha (D:3)
  7 adders
  3 gnolls
  An ufetubus (D:5)
  4 worms
  A dart slug (D:2)
  4 orcs
  6 ball pythons
  7 endoplasms
  A giant cockroach (D:4)
  7 goblins
  8 hobgoblins
  5 jackals
  6 kobolds
  2 quokkas
  2 bats
  3 frilled lizards
  4 rats
77 creatures vanquished.

Vanquished Creatures (others)
  12 plants (D:4)
12 creatures vanquished.

Grand Total: 89 creatures vanquished

Notes
Turn   | Place    | Note
-------+----------+-------------------------------------------
     0 | D:1      | qeuew the Deep Elf Conjurer began the quest for the Orb.
     0 | D:1      | Reached XP level 1. HP: 10/10 MP: 6/6
   252 | D:1      | Reached XP level 2. HP: 15/15 MP: 4/8
   503 | D:1      | Learned a level 2 spell: Searing Ray
   676 | D:1      | Found a faded altar of an unknown god.
   814 | D:1      | Reached skill level 1 in Armour
  1169 | D:2      | Reached XP level 3. HP: 19/19 MP: 4/9
  2353 | D:3      | Reached XP level 4. HP: 24/24 MP: 6/11
  2915 | D:3      | Noticed Natasha
  2983 | D:3      | Killed Natasha
  3300 | D:3      | Found a bloodstained altar of Trog.
  3300 | D:3      | Found an opulent altar of Gozag.
  3304 | D:3      | Became a worshipper of Gozag Ym Sagoz the Greedy
  3406 | D:4      | Learned a level 2 spell: Static Discharge
  3412 | D:4      | Reached XP level 5. HP: 28/28 MP: 7/12
  3530 | D:4      | Reached skill level 5 in Conjurations
  4090 | D:4      | Reached XP level 6. HP: 32/32 MP: 7/14
  4245 | D:5      | Entered Level 5 of the Dungeon
  4245 | D:5      | Found a transporter.
  4256 | D:5      | Reached skill level 1 in Evocations
  4393 | D:5      | Noticed a water moccasin
  4408 | D:5      | Killed a water moccasin
  4409 | D:5      | Reached XP level 7. HP: 13/36 MP: 0/16
  4431 | D:5      | Noticed baller8008's ghost (amateur OpTm)
  4437 | D:5      | Noticed a shadow
  4476 | D:5      | Found a glowing drain.
  4484 | D:5      | Mangled by an ogre

Illustrated notes

Levels and vault maps discovered:
D:1:      sevenhm_arrival_forest_fort_large_4, layout_loops_cross,
          shapermc_ecumenical_altar_ellora
D:2:      layout_basic
D:3:      layout_basic, gammafunk_temple_overflow_wave,
          kennysheep_generic_room_5, uniq_natasha
D:4:      layout_basic, dreamdust_princess_corridor, serial_bayou_pond_c,
          hangedman_decor_push, fountainhead
D:5:      layout_loops_ring, gup_sewer_entry_glass, gammafunk_ghost_arena,
          nicolae_stop_n_shop_1

Skill      XL: |  1  2  3  4  5  6 |
---------------+-------------------+-----
Armour         | 1 2 3 |  3.2
Stealth        | 3 4 |  4.4
Dodging        | 3 4 |  4.3
Spellcasting   | 4 |  4.6
Conjurations   | 5 |  5.4
Evocations     | 1 |  1.6

Action                   |  1- 3 |  4- 6 |  7- 9 || total
-------------------------+-------+-------+-------++-------
Melee: Unarmed           |    18 |    11 |       ||    29
 Cast: Magic Dart        |    85 |   111 |     2 ||   198
  Use: Scroll            |     7 |     5 |       ||    12
       Potion            |     6 |     4 |       ||    10
Armor: Ring mail         |    18 |    23 |     4 ||    45
Dodge: Dodged            |    13 |    16 |     2 ||    31
Block: Other             |       |     9 |     6 ||    15

Table legend: (Time is in decaauts)
 A = Elapsed time spent in this place.
 B = Non-inter-level travel time spent in this place.
 C = Inter-level travel time spent in this place.
 D = Time resting spent in this place.
 E = Time spent auto-exploring this place.
 F = Levels seen in this place.
 G = Mean time per level.
                   A        B        C        D        E       F      G
               +--------+--------+--------+--------+--------+-----+--------+
         Total |   4490 |   4353 |    137 |    188 |   3655 |   5 |  898.0 |
       Dungeon |   4490 |   4353 |    137 |    188 |   3655 |   5 |  898.0 |
               +--------+--------+--------+--------+--------+-----+--------+

Top non-repeatable levels by time:
     D:2: 1143 daAuts
     D:3: 1124 daAuts
     D:1: 1077 daAuts
     D:4: 1022 daAuts
     D:5: 123 daAuts
